 Dungeon Crawl Stone Soup version 0.21.1-1-g345015fe64 (webtiles) character file.

88 Brecoman the Digger (level 4, -1/24 HPs)
             Began as a Gargoyle Earth Elementalist on June 14, 2018.
             Was an Initiate of Vehumet.
             Slain by an orc
             ... wielding a +0 club
              (4 damage)
             ... on level 2 of the Dungeon.
             The game lasted 00:15:28 (1764 turns).

Brecoman the Digger (Gargoyle Earth Elementalist)   Turns: 1764, Time: 00:15:29

Health: -1/24      AC: 13    Str: 11    XL:     4   Next: 54%
Magic:  0/7        EV: 10    Int: 17    God:    Vehumet [......]
Gold:   101        SH:  0    Dex: 10    Spells: 5/8 levels left

rFire    . . .     SeeInvis .     - Unarmed
rCold    . . .     Gourm    .   (no shield)
rNeg     + . .     Faith    .   o - +0 ring mail
rPois    ∞         Spirit   .   (no helmet)
rElec    +         Reflect  .   m - +0 cloak
rCorr    +         Harm     .   (no gloves)
MR       .....                  (no boots)
Stlth    +.........             (no amulet)
HPRegen  0.08/turn              n - +3 ring of protection
MPRegen  0.10/turn              p - ring of resist corrosion

@: no status effects
A: negative energy resistance 1, electricity resistance, unbreathing,
petrification resistance, rot immunity, AC +3
a: Renounce Religion


You were on level 2 of the Dungeon.
You worshipped Vehumet.
Vehumet was noncommittal.
You were not hungry.

You visited 1 branch of the dungeon, and saw 3 of its levels.

You collected 101 gold pieces.

Inventory:

Hand Weapons
 s - a +0 hunting sling
Missiles
 b - 40 stones (quivered)
 g - 9 poisoned needles
 h - 2 throwing nets
Armour
 c - a +0 robe
 m - a +0 cloak (worn)
 o - a +0 ring mail (worn)
Jewellery
 n - a +3 ring of protection (left hand)
 p - a ring of resist corrosion (right hand)
Scrolls
 f - 2 scrolls of noise {unknown}
 k - 3 scrolls of identify
 l - a scroll of fear {unknown}
 q - a scroll of enchant weapon {unknown}
Potions
 a - a potion of agility
 i - a potion of berserk rage {unknown}
 j - a potion of might {unknown}
 r - a potion of cancellation {unknown}
Books
 e - a book of Geomancy

   Spells                             Type                      Level
   a - Sandblast                      Earth                        1
   b - Passwall                       Transmutation/Earth          2
   c - Stone Arrow                    Conjuration/Earth            3
   d - Petrify                        Transmutation/Earth          4
   e - Lee's Rapid Deconstruction     Earth                        5
Comestibles
 d - 2 rations


   Skills:
 + Level 1.7 Armour
 - Level 1.5 Dodging
 - Level 2.2 Stealth
 + Level 1.3 Unarmed Combat
 + Level 2.5 Spellcasting
 - Level 0.7 Transmutations
 * Level 4.9 Earth Magic


You had 5 spell levels left.
You knew the following spells:

 Your Spells              Type           Power        Failure   Level  Hunger
a - Sandblast             Erth           ###...       5%          1    #......
b - Passwall              Tmut/Erth      ##........   21%         2    ##.....


Dungeon Overview and Level Annotations

Branches:
Dungeon (3/15)

Altars:
Okawaru
Trog
Vehumet
Xom


Innate Abilities, Weirdness & Mutations

You are resistant to torment.
Your stone body is resilient. (AC +3)
You are immune to poison.
You resist negative energy. (rN+)
You are resistant to electric shocks. (rElec)
You can survive without breathing.
You are immune to petrification.
You are immune to rotting.


Message History

There is a stone staircase leading down here.
Casting: Sandblast
Confirm with . or Enter, or press ? or * to list all spells.
Aiming: Sandblast
Press: ? - help, Shift-Dir - straight line, f - orc
Aim: an orc, wielding a club and wearing a chain mail The blast of sand hits the orc.
b - 41 stones The orc closely misses you.
Casting: Sandblast
Confirm with . or Enter, or press ? or * to list all spells.
Aiming: Sandblast
Press: ? - help, Shift-Dir - straight line, f/p - orc
Aim: an orc, wielding a club and wearing a chain mail The blast of sand hits the orc.
b - 40 stones The orc hits you with a club.
* * * LOW HITPOINT WARNING * * *
The orc hits you with a club.
You die...

#.###....#.#..# # ...#.##....>..#
....###.......#.####.#.#####..#.#
.<..# #.##.#.##........#####..#.#
....###.#..#.#######......##..#..
........#..................#..###
..)........#.###...........#.....
........##.#.# #.............####
.....#.......###.o.......>.#.....
#.##.##.........@....#.###.#.#...
..#..........................)...
###..#.....#...............#.#...
#..#.....#.......#.#.##....#...
#..###.#.#.......#.#.##...>####
#............#...#.........# #
#....#.##...##.............# #
#....#.##...##...........#.####
##...#.##...##.#.#.........##..


You could see an orc.

Vanquished Creatures
  5 adders
  2 worms (D:2)
  A dart slug (D:1)
  2 leopard geckos
  An orc (D:3)
  2 giant cockroaches (D:1)
  6 goblins
  2 hobgoblins
  A quokka (D:3)
  3 bats
  4 frilled lizards
  3 kobolds
  7 rats
39 creatures vanquished.

Notes
Turn   | Place    | Note
-------+----------+-------------------------------------------
     0 | D:1      | Brecoman the Gargoyle Earth Elementalist began the quest for the Orb.
     0 | D:1      | Reached XP level 1. HP: 10/10 MP: 3/3
   130 | D:1      | Reached XP level 2. HP: 14/15 MP: 0/5
   148 | D:1      | Reached skill level 4 in Earth Magic
   769 | D:2      | Reached skill level 1 in Armour
   769 | D:2      | Reached XP level 3. HP: 14/19 MP: 3/6
   775 | D:2      | Found a radiant altar of Vehumet.
   955 | D:2      | Found a bloodstained altar of Trog.
   959 | D:2      | Found an iron altar of Okawaru.
   974 | D:2      | Became a worshipper of Vehumet
  1353 | D:2      | Learned a level 2 spell: Passwall
  1358 | D:2      | Found an iron altar of Okawaru.
  1376 | D:2      | Reached skill level 1 in Unarmed Combat
  1420 | D:2      | Reached XP level 4. HP: 22/24 MP: 0/7
  1702 | D:3      | Found a shimmering altar of Xom.
  1764 | D:2      | Slain by an orc

Skill      XL: |  1  2  3 |
---------------+----------+-----
Earth Magic    | 4 |  4.9
Armour         | 1 |  1.7
Unarmed Combat | 1 |  1.3
Dodging        | |  1.5
Stealth        | |  2.2
Spellcasting   | |  2.5
Transmutations | |  0.7

Action                   |  1- 3 |  4- 6 || total
-------------------------+-------+-------++-------
Melee: Unarmed           |    43 |     3 ||    46
 Cast: Sandblast         |    43 |    21 ||    64
       Passwall          |     1 |       ||     1
  Use: Scroll            |     1 |       ||     1
 Stab: Sleeping          |       |     1 ||     1
  Eat: Ration            |     1 |       ||     1
Armor: Robe              |    24 |       ||    24
       Ring mail         |     6 |    22 ||    28
Dodge: Dodged            |    64 |    22 ||    86
